Map: Forteresse de fer EC

Players

AgCl - Winner!

  • Race: Protoss Protoss

Savagewood

  • Race: Terran Terran

VOD

Have the link to the VOD?

Description

Time

  • Played on: May 6, 2015, 5:33 p.m.
  • Length: 18:55
Show
View Real Time Build Order
Export as new Build Order

AgCl Protoss - Winner!

Build Orders: Oracle Opening, Oracle Opening 

Get SALT Encoding   

  12  0:01  Probe  
  13  0:14  Probe  
  14  0:31  Pylon  
  14  0:37  Assimilator  
  14  0:49  Probe  
  15  0:57  Gateway  
  15  1:01  Probe  
  16  1:13  Probe  
  17  1:25  Probe (Chrono Boost)  
  18  1:27  Pylon  
  18  1:35  Probe (Chrono Boost)  
  19  1:42  Probe  
  19  1:43  Assimilator  
  19  1:45  Zealot (Chrono Boost)  
  22  1:49  Cybernetics Core  
  22  1:54  Probe  
  23  2:06  Probe (Chrono Boost)  
  24  2:18  Probe (Chrono Boost)  
  25  2:26  Stargate  
  26  2:30  Mothership Core (Chrono Boost)  
  26  2:44  Probe (Chrono Boost)  
  27  2:56  Probe (Chrono Boost)  
  29  3:07  Probe (Chrono Boost)  
  29  3:11  Oracle (Chrono Boost)  
  30  3:27  Nexus  
  30  3:30  Warp Gate  
  30  3:32  Pylon  
  30  3:33  Pylon  
  30  3:36  Gateway  
  30  3:46  Probe  
  29  3:50  Oracle (Chrono Boost)  
  32  3:58  Mothership Core  
  32  3:59  Assimilator  
  34  4:19  Probe (Chrono Boost)  
  32  4:29  Assimilator  
  33  4:31  Probe (Chrono Boost)  
  33  4:37  Probe (Chrono Boost)  
  34  4:43  Nexus  
  34  4:49  Probe (Chrono Boost)  
  33  4:57  Probe (Chrono Boost)  
  33  4:58  Fleet Beacon  
  33  4:59  Probe (Chrono Boost)  
  34  5:04  Probe (Chrono Boost)  
  34  5:06  Probe  
  36  5:15  Probe  
  36  5:18  Probe  
  36  5:21  Pylon  
  38  5:22  Carrier (Chrono Boost)  
  38  5:27  Probe (Chrono Boost)  
  39  5:30  Pylon  
  39  5:31  Protoss Air Weapons Level 1 (Chrono Boost)  
  39  5:34  Probe (Chrono Boost)  
  41  5:46  Probe (Chrono Boost)  
  41  5:47  Probe (Chrono Boost)  
  48  5:55  Probe  
  49  5:57  Probe, Graviton Catapult (Chrono Boost)  
  49  6:00  Probe  
  51  6:07  Probe  
  52  6:12  Probe  
  52  6:13  Probe  
  52  6:14  Stargate  
  54  6:21  Probe (Chrono Boost)  
  54  6:25  Probe x2 (Chrono Boost), Forge  
  58  6:34  Carrier (Chrono Boost)  
  58  6:35  Probe (Chrono Boost)  
  58  6:36  Probe x2 (Chrono Boost)  
  58  6:39  Assimilator  
  60  6:41  Probe (Chrono Boost), Pylon  
  60  6:43  Probe  
  62  6:51  Probe  
  70  6:54  Probe (Chrono Boost)  
  70  6:55  Probe (Chrono Boost)  
  71  7:04  Assimilator  
  71  7:07  Probe (Chrono Boost)  
  74  7:09  Probe (Chrono Boost)  
  74  7:11  Probe (Chrono Boost)  
  74  7:13  Protoss Ground Weapons Level 1 (Chrono Boost)  
  74  7:14  Twilight Council  
  74  7:15  Probe (Chrono Boost)  
  75  7:16  Carrier (Chrono Boost)  
  75  7:17  Probe (Chrono Boost)  
  75  7:18  Probe (Chrono Boost)  
  77  7:27  Pylon  
  82  7:33  Photon Cannon  
  82  7:34  Probe  
  82  7:35  Carrier (Chrono Boost)  
  81  7:40  Photon Cannon  
  87  7:52  Charge (Chrono Boost)  
  87  7:58  Probe (Chrono Boost)  
  90  8:01  Probe (Chrono Boost)  
  90  8:02  Photon Cannon  
  90  8:05  Probe (Chrono Boost)  
  86  8:08  Probe (Chrono Boost)  
  89  8:14  Probe (Chrono Boost)  
  89  8:15  Probe x2 (Chrono Boost)  
  90  8:20  Probe  
  90  8:22  Probe  
  90  8:23  Probe  
  93  8:32  Probe  
  82  8:48  Carrier (Chrono Boost)  
  79  9:05  Protoss Air Weapons Level 2 (Chrono Boost)  
  79  9:07  Photon Cannon  
  79  9:09  Protoss Ground Weapons Level 2 (Chrono Boost), Oracle (Chrono Boost)  
  88  9:18  Probe  
  88  9:19  Robotics Facility  
  88  9:20  Pylon  
  88  9:22  Probe  
  89  9:25  Gateway  
  89  9:27  Gateway  
  89  9:30  Probe  
  89  9:33  Carrier (Chrono Boost)  
  82  9:42  Probe (Chrono Boost)  
  83  9:47  Probe (Chrono Boost)  
  86  9:53  Probe (Chrono Boost)  
  86  9:54  Assimilator  
  86  9:56  Probe x2 (Chrono Boost)  
  93  10:02  Templar Archives  
  92  10:13  Probe  
  87  10:14  Phoenix (Chrono Boost)  
  93  10:16  Pylon  
  93  10:17  Observer  
  96  10:25  Probe  
  96  10:28  Zealot x2  
  99  10:30  Probe  
  99  10:32  Probe  
  97  10:36  Zealot  
  97  10:37  Zealot  
  97  10:38  Observer  
  86  10:54  Pylon  
  86  11:03  Psionic Storm  
  86  11:04  Photon Cannon  
  86  11:07  Probe  
  86  11:25  Photon Cannon  
  86  11:26  Pylon, Photon Cannon  
  86  11:27  Carrier  
  86  11:31  Probe (Chrono Boost)  
  86  11:32  Protoss Air Weapons Level 3 (Chrono Boost)  
  88  11:37  Probe (Chrono Boost)  
  80  12:02  High Templar  
  80  12:03  High Templar x2  
  80  12:04  High Templar  
  88  12:37  Adept  
  90  12:44  Nexus  
  90  12:47  Dark Shrine  
  90  12:48  Pylon  
  96  13:14  Assimilator  
  96  13:16  Pylon  
  96  13:19  Carrier (Chrono Boost)  
  96  13:24  Pylon  
  96  13:34  High Templar x2  
  96  13:35  Zealot x2  
  101  13:42  Archon  
  104  14:00  Pylon  
  104  14:06  Pylon, Carrier (Chrono Boost)  
  104  14:13  Pylon  
  103  14:25  Pylon  
  103  14:27  Dark Shrine  
  103  14:33  Pylon  
  103  14:37  Pylon  
  103  14:38  Pylon  
  103  14:49  Photon Cannon  
  103  14:56  Probe (Chrono Boost)  
  103  14:57  Probe (Chrono Boost)  
  106  15:04  Probe (Chrono Boost)  
  108  15:07  Probe (Chrono Boost)  
  108  15:10  Probe (Chrono Boost)  
  108  15:11  Photon Cannon  
  108  15:12  Probe (Chrono Boost), Photon Cannon  
  109  15:17  Assimilator  
  109  15:27  Adept  
  111  15:30  Adept  
  111  15:31  Phoenix  
  115  15:37  Carrier (Chrono Boost)  
  115  15:50  Carrier (Chrono Boost)  
  115  15:52  Zealot x2  
  115  15:56  Pylon  
  111  16:09  Protoss Air Armor Level 1 (Chrono Boost)  
  121  16:26  Gateway x2  
  121  16:44  Dark Templar x2  
  121  16:45  Adept  
  127  16:56  Gateway  
  127  16:58  Pylon  
  127  17:06  High Templar  
  129  17:17  Dark Templar  
  127  17:24  Dark Templar  
  127  17:26  Carrier (Chrono Boost)  
  127  17:27  Carrier (Chrono Boost)  
  129  17:30  Probe x2  
  129  17:33  Gateway  
  131  17:47  Pylon  
  131  17:50  Pylon  
  143  17:57  Pylon  
  143  18:00  Dark Templar  
  143  18:01  Dark Templar  
  147  18:06  Zealot  
  147  18:08  Dark Templar  
  151  18:13  Archon  
  151  18:16  Archon  
  147  18:47  Archon  
  147  18:50  High Templar  
  147  18:51  High Templar x3  
Show
View Real Time Build Order
Export as new Build Order

Savagewood Terran 

Build Orders: Command Center First (CC), MMM Bio 

Get SALT Encoding   

  12  0:01  SCV  
  13  0:13  SCV  
  14  0:24  Supply Depot  
  14  0:25  SCV  
  15  0:46  SCV  
  16  0:58  SCV  
  16  1:02  Command Center  
  17  1:10  SCV  
  18  1:15  Barracks  
  18  1:24  SCV  
  18  1:25  Refinery  
  19  1:36  SCV  
  20  1:48  Barracks  
  20  1:49  SCV  
  21  2:06  Orbital Command  
  21  2:07  Marine  
  22  2:16  Bunker, Orbital Command  
  22  2:25  Barracks Reactor  
  21  2:41  Barracks Tech Lab  
  20  3:00  Marine  
  20  3:02  Marine x2  
  22  3:18  SCV x2  
  24  3:21  Marine x2  
  24  3:22  Marine  
  24  3:24  Stimpack  
  27  3:30  SCV x2  
  29  3:35  Refinery  
  29  3:40  Marine  
  29  3:41  Marine x2  
  32  3:42  SCV x2  
  34  3:52  Supply Depot  
  34  3:54  SCV  
  34  3:55  SCV  
  36  3:57  Factory  
  36  3:58  Marine  
  36  3:59  Marine  
  36  4:02  Marine  
  31  4:16  Marine  
  29  4:23  Marine x2  
  29  4:24  SCV x2  
  33  4:36  SCV x2  
  30  4:52  Marine, Widow Mine  
  30  4:53  Marine x2  
  30  4:54  SCV x2  
  30  4:56  Refinery  
  35  5:01  Engineering Bay  
  35  5:06  SCV  
  36  5:08  Refinery  
  36  5:10  Marine x2  
  36  5:11  SCV  
  39  5:16  Starport  
  39  5:18  SCV  
  40  5:23  Marine  
  40  5:24  Combat Shields  
  40  5:28  Marine  
  41  5:33  Widow Mine  
  44  5:36  SCV x2  
  46  6:02  Supply Depot  
  46  6:05  Supply Depot  
  46  6:08  Supply Depot  
  46  6:10  Terran Infantry Weapons Level 1  
  46  6:16  Marauder, SCV x2, Medivac, Marine x2  
  54  6:23  Widow Mine  
  56  6:28  SCV x2  
  58  6:40  SCV  
  58  6:41  SCV  
  58  6:42  Marine  
  58  6:43  Marauder, Concussive Shells, Marine  
  66  6:52  SCV  
  66  6:53  SCV  
  68  7:03  Starport Reactor  
  68  7:04  SCV  
  67  7:24  Command Center  
  61  7:31  Marine  
  61  7:32  Marine x2  
  64  7:39  Factory Tech Lab  
  64  7:40  Barracks  
  64  7:41  Barracks  
  64  7:42  Barracks  
  64  7:44  Barracks  
  64  7:47  Armory  
  64  7:49  Engineering Bay  
  64  7:53  Marine  
  64  7:54  Marine x2  
  67  8:12  Medivac x2  
  69  8:13  Marine x2  
  69  8:14  Marine  
  72  8:21  Supply Depot  
  71  8:32  Marine  
  68  8:39  Marine x2  
  68  8:40  Marine x4  
  71  8:50  Marine  
  59  9:11  Marine x2  
  59  9:12  Barracks Reactor x4  
  61  9:17  Orbital Command  
  57  9:39  Marine x2  
  57  9:40  Marine  
  57  9:42  Medivac x2  
  63  9:51  Marine x2  
  63  9:52  Marine x3  
  68  9:53  SCV x2  
  68  9:57  Marine  
  68  9:59  Marine  
  71  10:00  Marine x4  
  71  10:05  SCV x2  
  78  10:09  Marine x3  
  78  10:10  Marine x2  
  78  10:12  Medivac x2  
  85  10:15  Marine  
  86  10:32  Marine  
  86  10:43  Marine  
  86  10:45  Marine x2  
  86  10:46  Marine x3  
  86  10:47  Marine x3  
  86  10:56  Terran Infantry Weapons Level 2  
  86  10:57  Terran Infantry Armor Level 1  
  86  10:58  Supply Depot  
  86  10:59  Supply Depot  
  86  11:20  SCV, Medivac, Marine x5  
  86  11:21  SCV, Marine x2  
  86  11:24  Supply Depot  
  97  11:32  SCV  
  98  11:33  SCV  
  61  11:54  Command Center  
  61  11:58  Missile Turret  
  61  11:59  Marine x3  
  61  12:00  Marine x4  
  68  12:08  Marine x4  
  68  12:13  Cyclone  
  68  12:15  Viking, Medivac  
  79  12:17  Marine  
  80  12:29  Marine x5  
  84  12:30  Marine x5  
  84  12:35  Marine  
  91  12:46  Medivac x2  
  91  12:47  Marine  
  91  12:48  Marine x2  
  91  12:49  Marauder, Marine x4  
  103  13:10  Missile Turret  
  99  13:33  Marine x5  
  99  13:34  Marine  
  101  13:51  Cyclone  
  101  13:52  Medivac  
  101  13:53  Medivac  
  101  13:54  Marine x3  
  99  14:05  Marine  
  99  14:06  Marine x2  
  101  14:13  Marine x2  
  100  14:22  Viking x2  
  100  14:23  Orbital Command  
  98  14:30  SCV  
  98  14:31  SCV  
  100  14:42  SCV  
  100  14:43  SCV  
  100  14:44  Marine  
  100  14:45  Marauder, Marine x3  
  108  14:56  Command Center  
  108  14:58  Marine  
  109  15:01  Medivac  
  109  15:02  Medivac  
  109  15:03  Cyclone  
  109  15:04  Marine  
  109  15:05  Marine  
  109  15:06  Marauder  
  120  15:31  Marine  
  120  15:32  Marine x4  
  125  15:36  Marine x6  
  125  15:41  Supply Depot  
  125  15:42  Supply Depot x3  
  121  15:49  Marine x4  
  117  15:50  Marine  
  117  15:54  Marine x5  
  117  15:55  Marine  
  119  16:07  Marine  
  117  16:11  Marine x2  
  117  16:12  Marine x2  
  117  16:13  Command Center, Cyclone  
  117  16:14  Viking  
  124  16:36  Marine x8  
  124  16:37  Marine x3  
  135  16:41  Terran Vehicle and Ship Weapons Level 1  
  135  16:45  Viking  
  137  16:54  Marine x5  
  130  17:11  Missile Turret  
  124  17:23  Marine x11  
  124  17:26  Cyclone  
  137  17:34  Medivac  
  135  17:37  Orbital Command  
  135  17:41  Marine x11  
  135  17:42  Missile Turret  
  146  17:54  Refinery x2  
  146  17:55  Orbital Command  
  146  17:59  Marine x11  
  157  18:09  SCV x3  
  160  18:16  Marine  
  160  18:17  Medivac, Marine x5  
  160  18:36  Barracks  
  160  18:38  Barracks  
  134  18:41  Barracks  
  134  18:42  Barracks  
Tags
 
Add a new tag
Caveats
  • Supply blocks, unpowered buildings, or Contaminate may cause inaccurate times.
  • Supply counts are checked every 10 seconds.